 Dungeon Crawl Stone Soup version 0.31.0-9-g3a7656b989 (webtiles) character file.

Game seed: 7890061255526831661

35 qw the Shooter (level 3, -2/18 HPs)
             Began as a Spriggan Hunter on Feb 2, 2024.
             Slain by a jackal (3 damage)
             ... on level 2 of the Dungeon.
             The game lasted 00:00:02 (887 turns).

qw the Shooter (Spriggan Hunter)                     Turns: 887, Time: 00:00:03

Health: -2/18      AC:  2    Str:  7    XL:     3   Next: 16%
Magic:  4/4        EV: 19    Int: 10    God:
Gold:   59         SH:  5    Dex: 20    Spells: 2/2 levels left

rFire   . . .        a - +1 shortbow
rCold   . . .        (shield currently unavailable)
rNeg    . . .        c - +0 robe
rPois   .            (helmet restricted)
rElec   .            (no cloak)
rCorr   .            (gloves unavailable)
SInv    +            (boots unavailable)
Will    .....        k - amulet of reflection
Stlth   ++           (no ring)
HPRegen 0.23/turn    (no ring)
MPRegen 0.09/turn

%: reflection
@: very quick
A: very small, no large weapons, unfitting armour, see invisible, speed 3, horns
1
a: no special abilities


You were on level 2 of the Dungeon.
You visited 1 branch of the dungeon, and saw 2 of its levels.

You collected 59 gold pieces.


Innate Abilities, Weirdness & Mutations

You are very small and have problems with some larger weapons.
You are too small for most types of armour.
You have supernaturally acute eyesight. (SInv)
You cover ground extremely quickly. (Speed+++)
You have a pair of small horns on your head.


   Skills:
 - Level 1.5 Fighting
 + Level 4.5 Ranged Weapons
 - Level 4.0 Dodging
 - Level 1.5 Stealth


You had 2 spell levels left.
You didn't know any spells.
Your spell library was empty.

Inventory:

Hand Weapons
 a - a +1 shortbow (weapon)
Armour
 c - a +0 robe (worn)
Jewellery
 k - an amulet of reflection (around neck)
Potions
 h - a potion of curing {unknown}
 j - a potion of heal wounds {unknown}

Dungeon Overview and Level Annotations

Branches:
Dungeon (2/15)

Altars:

Shops:
D:1 [[?


Message History

The adder closely misses you. The adder barely misses you.
You shoot an arrow. The arrow closely misses the adder.
The arrow hits the frilled lizard.
You kill the frilled lizard!
The jackal bites you but does no damage.
The adder completely misses you. You block the adder's attack.
The jackal closely misses you.
You shoot an arrow. The arrow hits the adder!
You kill the adder!
The adder misses you. You block the jackal's attack.
The adder closely misses you. The jackal closely misses you.
The jackal bites you.
You have reached level 3!
Your experience leads to an increase in your attributes!
Increase (S)trength, (I)ntelligence, or (D)exterity?
You feel agile. x2
You shoot an arrow. The arrow completely misses the adder.
The arrow hits the endoplasm.
The endoplasm is severely wounded.
The adder barely misses you. The jackal barely misses you.
You block the jackal's attack.
You shoot an arrow. The arrow barely misses the adder.
The arrow hits the endoplasm.
You kill the endoplasm!
The jackal barely misses you. The jackal closely misses you.
The adder completely misses you. The jackal bites you.
You block the jackal's attack. The adder misses you.
You shoot an arrow. The arrow hits the adder.
The adder is heavily wounded.
The jackal closely misses you.
The jackal bites you but does no damage.
The adder misses you. The jackal closely misses you.
The jackal barely misses you.
You shoot an arrow. The arrow closely misses the adder.
The adder closely misses you. You block the jackal's attack.
The jackal completely misses you. The adder bites you.
You shoot an arrow. The arrow hits the adder.
You kill the adder!
The jackal bites you.
You die...

#....# ### #....#
...#
#....##....###
#............
#....###...##
###....<......##
..?......%.......
####....#h#.##.#
#.l..#@# #
#....#.h.#
#.......##
#.#####.# #. .# #
.# .# .#


You could see 2 jackals.

Vanquished Creatures
  2 adders (D:2)
  An endoplasm (D:2)
  3 goblins (D:1)
  4 hobgoblins (D:1)
  4 jackals (D:1)
  A ball python (D:1)
  5 bats
  A frilled lizard (D:2)
  4 rats (D:1)
25 creatures vanquished.

Notes
Turn   | Place    | Note
-------+----------+-------------------------------------------
     0 | D:1      | qw the Spriggan Hunter began the quest for the Orb.
     0 | D:1      | Reached XP level 1. HP: 10/10 MP: 2/2
     0 | D:1      | 0 ||| qw: Version: 0.3-a-155-g5e7d8dd
     0 | D:1      | 0 ||| qw: Game counter: 2838
     0 | D:1      | 0 ||| qw: Melee chars always use a shield: true
     0 | D:1      | 0 ||| qw: God list: Okawaru
     0 | D:1      | 0 ||| qw: Allow faded altars: false
     0 | D:1      | 0 ||| qw: Do Orc after clearing Dungeon:15 true
     0 | D:1      | 0 ||| qw: Do second Lair branch before Depths: true
     0 | D:1      | 0 ||| qw: Lair rune preference: random
     0 | D:1      | 0 ||| qw: Goals: Normal
     0 | D:1      | 0 ||| PLANNING D:1-11
    11 | D:1      | Found Aptih's Magic Scroll Shop.
    20 | D:1      | 20 ||| SHOPLISTING scroll of brand weapon (123 gold, have
                  | 0).
    20 | D:1      | 20 ||| SHOPLISTING scroll of identify (26 gold, have 0).
    20 | D:1      | 20 ||| SHOPLISTING scroll of teleportation (39 gold, have
                  | 0).
    61 | D:1      | Reached skill level 3 in Dodging
    75 | D:1      | Found Ifuwky's Armour Shop.
    79 | D:1      | 79 ||| SHOPLISTING +0 cloak (49 gold, have 0).
    94 | D:1      | Found Xiqaanuh's Armour Emporium.
   153 | D:1      | Reached XP level 2. HP: 14/14 MP: 3/3
   807 | D:1      | 807 ||| UPGRADING to amulet of reflection.
   812 | D:1      | 812 ||| READING scroll labelled UCUIDA KUTISE.
   812 | D:1      | 812 ||| ENCHANTING +0 shortbow.
   813 | D:1      | 813 ||| READING scroll labelled ASITROU LIARUFA.
   814 | D:1      | 814 ||| READING scroll labelled ZAUCUTRUUMA.
   818 | D:1      | 818 ||| READING scroll labelled YCIAZI PY GEMU.
   819 | D:1      | 819 ||| DRINKING 2 green potions.
   819 | D:1      | Gained mutation: You are vulnerable to cold. (rC-) [potion
                  | of mutation]
   819 | D:1      | Gained mutation: You have sharp toenails. [potion of
                  | mutation]
   820 | D:1      | 820 ||| DRINKING potion of mutation.
   820 | D:1      | Lost mutation: You have sharp toenails. [potion of
                  | mutation]
   820 | D:1      | Lost mutation: You are vulnerable to cold. (rC-) [potion of
                  | mutation]
   820 | D:1      | Gained mutation: You have a pair of small horns on your
                  | head. [potion of mutation]
   821 | D:1      | 821 ||| DROPPING scroll of butterflies.
   865 | D:2      | 865 ||| RETREEEEATING.
   866 | D:2      | 866 ||| RETREEEEATING.
   867 | D:2      | 867 ||| RETREEEEATING.
   868 | D:2      | 868 ||| RETREEEEATING.
   870 | D:2      | 870 ||| RETREEEEATING.
   882 | D:2      | HP: 1/14 [jackal (3)]
   883 | D:2      | Reached XP level 3. HP: 2/18 MP: 4/4
   887 | D:2      | Slain by a jackal

Levels and vault maps discovered:
D:1:      scummos_arrival_simple_crosswalls, layout_loops_corners, serial_shops,
          shop, nicolae_shop_pleasant_corner_grove,
          nicolae_shop_temple_entry_statues_fountains, solitary_fountain,
          hex_tiny, serial_bayou_pond_d, nicolae_concentric_dashed_squares_wild,
          eino_curves_04
D:2:      layout_basic

Skill      XL: |  1  2 |
---------------+-------+-----
Dodging        | 3 4 |  4.0
Fighting       | |  1.5
Ranged Weapons | |  4.5
Stealth        | |  1.5

Action                     || total
---------------------------++-------
   Fire: Shortbow          ||    57
    Use: Scroll            ||     4
         Potion            ||     2
 Armour: Robe              ||    13
  Dodge: Dodged            ||    46
  Block: Other             ||    11

Table legend:
 A = Non-vault XP
 B = Vault XP
 C = Vault XP percentage of total XP
 D = Non-vault monster count
 E = Vault monster count
 F = Vault count percentage of total count
                 A         B        C        D         E       F
            +---------+---------+-------+---------+---------+-------
      Total |      63 |       0 |   0.0 |      25 |       0 |   0.0
            +---------+---------+-------+---------+---------+-------
        D:1 |      32 |       0 |   0.0 |      20 |       0 |   0.0
        D:2 |      31 |       0 |   0.0 |       5 |       0 |   0.0
            +---------+---------+-------+---------+---------+-------
